 Dungeon Crawl Stone Soup version 0.21.1-1-g345015f (webtiles) character file.

96 Fang the Skirmisher (level 4, -2/29 HPs)
             Began as a Gargoyle Berserker on June 12, 2018.
             Was a Follower of Trog.
             Slain by Natasha (5 damage)
             ... on level 2 of the Dungeon.
             The game lasted 00:01:53 (1278 turns).

Fang the Skirmisher (Gargoyle Berserker)            Turns: 1278, Time: 00:01:54

Health: -2/29      AC:  9    Str: 22    XL:     4   Next: 67%
Magic:  4/4        EV: 12    Int:  7    God:    Trog [*.....]
Gold:   97         SH:  0    Dex:  9    Spells: 3/3 levels left

rFire    + . .     SeeInvis .   a - +0 hand axe
rCold    . . .     Gourm    .   (no shield)
rNeg     + . .     Faith    .   e - +2 leather armour {rF+}
rPois    ∞         Spirit   .   (no helmet)
rElec    +         Reflect  .   (no cloak)
rCorr    .         Harm     .   (no gloves)
MR       .....                  (no boots)
Stlth    +.........             (no amulet)
HPRegen  0.09/turn              d - ring of wizardry
MPRegen  0.09/turn              (no ring)

@: berserk cooldown, slowed, very slow
A: negative energy resistance 1, electricity resistance, unbreathing,
petrification resistance, rot immunity, AC +3
a: Berserk, Burn Spellbooks, Renounce Religion


You were on level 2 of the Dungeon.
You worshipped Trog.
Trog was aware of your devotion.
You were hungry.

You visited 1 branch of the dungeon, and saw 2 of its levels.

You collected 97 gold pieces.

Inventory:

Hand Weapons
 a - a +0 hand axe (weapon)
Armour
 e - a +2 leather armour of fire resistance (worn)
Jewellery
 d - a ring of wizardry (left hand)
Scrolls
 b - a scroll of magic mapping {unknown}
 f - a scroll of identify {unknown}
 g - a scroll of remove curse {unknown}
Potions
 h - a potion of haste {unknown}
 i - a potion of cancellation {unknown}
Comestibles
 c - a ration


   Skills:
 + Level 3.9 Fighting
 + Level 3.7 Axes
 + Level 2.9 Armour
 + Level 2.0 Dodging
 + Level 0.3 Stealth


You had 3 spell levels left.
You didn't know any spells.

Dungeon Overview and Level Annotations

Branches:
Dungeon (2/15)

Altars:

Annotations:
D:2 Natasha


Innate Abilities, Weirdness & Mutations

You are resistant to torment.
Your stone body is resilient. (AC +3)
You are immune to poison.
You resist negative energy. (rN+)
You are resistant to electric shocks. (rElec)
You can survive without breathing.
You are immune to petrification.
You are immune to rotting.


Message History

The white imp gestures at you. The puff of frost hits you!
The white imp gestures at you. The puff of frost misses you.
The crimson imp blinks!
Natasha barely misses you.
The crimson imp blinks!
Natasha stares at you and mumbles some strange words.
The magic dart hits you!
* * * LOW HITPOINT WARNING * * *
Natasha mumbles some strange words.
You feel troubled. Natasha claws you but does no damage.
The white imp misses you.
The crimson imp blinks!
The white imp misses you. Natasha closely misses you.
There is a stone staircase leading up here.
The white imp hits you.
* * * LOW HITPOINT WARNING * * *
The white imp freezes you.
* * * LOW HITPOINT WARNING * * *
Natasha claws you.
You die...

#.. ... ..# # #.# #.# #.# #.
#.# #.# #.# ##?#####.###.##
#.######## ##
..............###........# ##.
#....#....)......######.# #.#
##...........##.#.# #.# ##.
#......$..§###.##.######.####(
.........##.#@###..........)..
............5h....######.###..
.........................# #..
.##...##################.###.#
#.#. #.....# #.#. ###.### # #.
#.# # #)# # #.# #


You could see Natasha and a white imp.

Vanquished Creatures
  Natasha (twice) (D:2)
  2 adders (D:2)
  2 giant cockroaches (D:1)
  3 goblins
  3 hobgoblins
  4 jackals (D:1)
  3 kobolds (D:2)
  3 bats
  4 frilled lizards (D:1)
  4 rats (D:2)
30 creatures vanquished.

Notes
Turn   | Place    | Note
-------+----------+-------------------------------------------
     0 | D:1      | Fang the Gargoyle Berserker began the quest for the Orb.
     0 | D:1      | Reached XP level 1. HP: 14/14 MP: 1/1
   206 | D:1      | Reached XP level 2. HP: 19/19 MP: 2/2
   906 | D:2      | Reached XP level 3. HP: 20/24 MP: 3/3
  1077 | D:2      | Noticed Natasha
  1087 | D:2      | Killed Natasha
  1087 | D:2      | Reached XP level 4. HP: 22/29 MP: 4/4
  1248 | D:2      | Noticed Natasha
  1261 | D:2      | Killed Natasha
  1267 | D:2      | Noticed Natasha
  1278 | D:2      | Slain by Natasha

Skill      XL: |  1  2  3  4 |
---------------+-------------+-----
Axes           | 3 |  3.7
Dodging        | 2 |  2.0
Fighting       | |  3.9
Armour         | |  2.9
Stealth        | |  0.3

Action                   |  1- 3 |  4- 6 || total
-------------------------+-------+-------++-------
Melee: Hand axe          |    86 |    17 ||   103
Invok: Berserk           |     1 |     1 ||     2
  Eat: Chunk             |       |     2 ||     2
Armor: Leather armour    |    31 |    13 ||    44
Dodge: Dodged            |    57 |    19 ||    76
